Map: Année zéro EC

Players

MAXSIMUS

  • Race: Protoss Protoss
  • League: Diamond
  • Spawn Location: 1:00

Sorandom - Winner!

  • Race: Zerg Zerg
  • League: Diamond
  • Spawn Location: 11:00

VOD

Have the link to the VOD?

Description

Time

  • Played on: April 12, 2019, 8:43 p.m.
  • Length: 10:21
Show
View Real Time Build Order
Export as new Build Order

MAXSIMUS Protoss 

Build Orders: 1 Gate Expand 

Get SALT Encoding   

  1  0:00  Probe  
  12  0:05  Probe  
  14  0:19  Pylon  
  14  0:22  Probe  
  15  0:37  Probe  
  15  0:40  Gateway  
  16  0:49  Probe  
  17  1:01  Probe, Assimilator  
  18  1:13  Probe  
  18  1:16  Pylon  
  19  1:33  Cybernetics Core  
  19  1:43  Nexus  
  19  1:47  Zealot  
  21  1:59  Gateway  
  21  2:05  Adept  
  23  2:15  Pylon  
  23  2:27  Assimilator  
  23  2:32  Probe  
  23  2:34  Warp Gate  
  24  2:40  Probe  
  25  2:48  Probe  
  25  2:51  Probe  
  25  2:53  Stalker  
  29  3:00  Probe x2  
  31  3:09  Probe  
  31  3:12  Probe  
  33  3:18  Stargate  
  33  3:22  Probe  
  33  3:24  Probe  
  35  3:33  Probe  
  36  3:36  Probe  
  36  3:37  Stalker  
  39  3:42  Probe  
  39  3:43  Shield Battery  
  39  3:48  Probe  
  41  3:50  Probe  
  42  4:00  Probe x2  
  44  4:08  Pylon  
  44  4:12  Probe  
  44  4:15  Twilight Council  
  44  4:16  Probe  
  46  4:26  Void Ray  
  46  4:29  Gateway  
  46  4:30  Gateway  
  50  4:34  Gateway  
  50  4:39  Resonating Glaives  
  50  4:41  Probe, Gateway  
  50  4:42  Probe  
  52  4:46  Assimilator  
  52  4:55  Probe x2  
  52  4:59  Assimilator  
  54  5:20  Pylon  
  54  5:22  Pylon  
  54  5:35  Pylon  
  54  5:37  Pylon  
  54  5:38  Probe x2, Adept x2  
  54  5:39  Adept  
  54  5:40  Adept x2  
  54  5:41  Adept  
  54  5:42  Pylon  
  68  5:47  Pylon  
  69  5:57  Probe x2  
  69  6:02  Adept x4  
  69  6:03  Adept x2  
  82  6:24  Probe  
  82  6:25  Probe  
  84  6:37  Probe x2  
  86  6:40  Fleet Beacon  
  86  6:42  Stargate  
  86  6:45  Stargate  
  84  6:49  Probe x2  
  74  7:18  Carrier  
  74  7:19  Nexus  
  74  7:21  Pylon  
  72  7:24  Void Ray  
  72  7:26  Carrier  
  72  7:42  Probe x2  
  80  7:49  Carrier  
  80  7:54  Probe x2, Forge  
  82  8:06  Probe x2  
  90  8:18  Stalker x3  
  91  8:23  Probe  
  91  8:24  Probe  
  92  8:33  Zealot x3  
  96  8:36  Probe x2  
  68  9:07  Probe x2  
  59  9:19  Probe x2  
  61  9:31  Probe x2  
  63  9:36  Pylon  
  63  9:43  Probe x2  
  65  9:55  Probe x2  
  65  9:56  Pylon  
  67  10:00  Assimilator  
  67  10:07  Probe x2  
  67  10:12  Cybernetics Core  
Show
View Real Time Build Order
Export as new Build Order

Sorandom Zerg - Winner!

Build Orders: Pool First 

Get SALT Encoding   

  12  0:02  Drone  
  13  0:14  Overlord  
  13  0:25  Drone  
  14  0:33  Drone x2  
  16  0:41  Drone  
  17  0:49  Spawning Pool  
  16  0:50  Drone  
  17  1:25  Drone x3  
  20  1:28  Extractor  
  20  1:31  Hatchery  
  18  1:38  Zergling x2  
  18  1:39  Queen  
  21  1:48  Overlord  
  21  2:15  Hatchery  
  20  2:23  Drone x3  
  23  2:34  Queen  
  25  2:39  Drone  
  27  2:44  Drone  
  27  2:47  Drone  
  27  2:50  Extractor  
  27  2:53  Drone  
  27  2:56  Drone  
  29  3:00  Drone  
  29  3:04  Drone  
  31  3:06  Drone  
  31  3:09  Drone  
  33  3:25  Lair  
  33  3:26  Drone  
  36  3:27  Drone x2  
  36  3:33  Spore Crawler  
  35  3:36  Queen  
  37  3:43  Drone x3  
  37  3:48  Drone x2  
  42  3:52  Overlord  
  42  4:01  Overlord  
  42  4:10  Queen  
  44  4:23  Roach Warren  
  43  4:26  Drone  
  43  4:27  Evolution Chamber, Drone x5  
  43  4:30  Evolution Chamber, Overseer  
  47  4:34  Overlord  
  47  4:43  Drone  
  47  4:44  Drone  
  49  4:46  Queen  
  51  4:59  Drone x2  
  57  5:00  Drone x7  
  57  5:04  Extractor, Glial Reconstitution  
  57  5:05  Extractor  
  58  5:10  Zerg Missile Weapons Level 1  
  58  5:19  Zerg Ground Armor Level 1  
  58  5:20  Overlord x2  
  58  5:30  Overlord  
  58  5:34  Overlord  
  58  5:39  Drone x3  
  58  5:40  Drone  
  58  5:41  Drone x3  
  65  5:43  Roach  
  65  5:44  Roach x2  
  71  5:50  Roach x3  
  71  5:51  Roach  
  79  5:58  Overseer  
  79  6:01  Roach x4  
  87  6:09  Roach  
  89  6:14  Overlord x4  
  88  6:30  Roach  
  88  6:31  Overlord x6  
  90  6:34  Roach  
  90  6:35  Roach  
  94  6:40  Roach  
  94  6:41  Roach x2  
  100  6:58  Roach x7  
  111  7:11  Roach  
  111  7:12  Roach x4  
  121  7:16  Zerg Missile Weapons Level 2, Zerg Ground Armor Level 2  
  121  7:18  Roach x2  
  125  7:37  Roach x7  
  133  7:42  Drone  
  140  7:50  Extractor  
  139  7:56  Hatchery  
  139  7:57  Hydralisk Den  
  137  7:59  Roach x6, Infestation Pit  
  148  8:17  Roach x8  
  164  8:21  Roach x2  
  164  8:26  Roach x2  
  162  8:35  Hydralisk x3  
  160  8:52  Hydralisk  
  160  8:53  Hydralisk x2  
  146  9:09  Hydralisk  
  136  9:10  Hydralisk x5  
  140  9:17  Roach x3  
  140  9:21  Hydralisk  
  138  9:29  Hydralisk  
  128  9:31  Hydralisk  
  128  9:37  Drone x6  
  132  9:42  Drone  
  132  9:43  Extractor  
  132  10:04  Spore Crawler  
  139  10:18  Spore Crawler  
Tags
 
Add a new tag
Caveats
  • Supply blocks, unpowered buildings, or Contaminate may cause inaccurate times.
  • Supply counts are checked every 10 seconds.